 Dungeon Crawl Stone Soup version 0.27-b1-42-g19c61b19a5 (webtiles) character file.

Game seed: 8706037363585766215

247 MacCMillion the Chiller (level 6, -2/34 HPs)
             Began as a Gargoyle Ice Elementalist on July 29, 2021.
             Slain by an ice beast (14 damage)
             ... on level 4 of the Dungeon.
             The game lasted 00:14:01 (3690 turns).

MacCMillion the Chiller (Gargoyle Ice Elementalist) Turns: 3690, Time: 00:14:02

Health: -2/34      AC:  8    Str: 12    XL:     6   Next: 11%
Magic:  9/9        EV: 11    Int: 17    God:
Gold:   108        SH:  5    Dex: 10    Spells: 5/9 levels left

rFire    . . .     SeeInvis .   g - +1 dagger (freeze)
rCold    . . .     Faith    .   (no shield)
rNeg     + . .     Spirit   .   a - +0 robe
rPois    ∞         Reflect  +   m - +0 helmet
rElec    +         Harm     .   (no cloak)
rCorr    .         Rampage  .   l - +0 pair of gloves
Will     .....                  (no boots)
Stlth    ++........             p - amulet of reflection
HPRegen  0.11/turn              (no ring)
MPRegen  0.11/turn              (no ring)

@: no status effects
A: sickness immunity, AC +4, negative energy resistance 1, electricity
resistance, torment resistance 1, petrification resistance
a: no special abilities


You were on level 4 of the Dungeon.
You visited 1 branch of the dungeon, and saw 4 of its levels.

You collected 108 gold pieces.

Inventory:

Hand Weapons
 c - a +0 dagger
 g - a +1 dagger of freezing (weapon)
 q - a +1 whip of electrocution
Armour
 a - a +0 robe (worn)
 i - a +0 leather armour
 l - a +0 pair of gloves (worn)
 m - a +0 helmet (worn)
Jewellery
 k - a ring of protection from cold
 p - an amulet of reflection (around neck)
Scrolls
 d - a scroll of vulnerability {unknown}
 e - a scroll of holy word {unknown}
 f - a scroll of identify
 j - a scroll of amnesia {unknown}
Potions
 b - a potion of heal wounds {unknown}
 h - a potion of degeneration {unknown}
 n - 2 potions of curing
 o - a potion of brilliance {unknown}


   Skills:
 + Level 1.6 Fighting
 - Level 1.5 Dodging
 - Level 2.1 Stealth
 - Level 2.0 Spellcasting
 - Level 7.0 Ice Magic


You had 5 spell levels left.
You knew the following spells:

 Your Spells              Type           Power      Damage    Failure   Level
a - Freeze                Ice            100%       1d11      1%          1
b - Frozen Ramparts       Ice            50%        1d7       3%          3

Your spell library contained the following spells:

 Spells                   Type           Power      Damage    Failure   Level
 Ozocubu's Armour         Ice            25%        N/A       3%          3
 Passwall                 Tmut/Erth      0%         N/A       28%         2
 Hailstorm                Conj/Ice       13%        3d5       41%         4
 Swiftness                Air            1%         N/A       50%         3
 Invisibility             Hex            0%         N/A       100%        6


Dungeon Overview and Level Annotations

Branches:
Dungeon (4/15)
 Temple: D:4-7

Altars:
Uskayaw

Annotations:
D:4 Sigmund


Innate Abilities, Weirdness & Mutations

You are immune to sickness and miasma.
Your stone body is resilient. (AC +4)
You are immune to poison.
You resist negative energy. (rN+)
You are resistant to electric shocks. (rElec)
You are resistant to unholy torment.
You are immune to petrification.


Message History

You barely miss the ice beast. You block the ice beast's attack.
You closely miss the ice beast. The ice beast barely misses you.
You hit the ice beast but do no damage. The ice beast barely misses you.
You hit the ice beast.
The ice beast is lightly wounded.
The ice beast misses you.
You barely miss the ice beast.
The ice beast is lightly wounded.
The ice beast hits you but does no damage.
You hit the ice beast but do no damage.
The ice beast is lightly wounded.
You block the ice beast's attack.
You hit the ice beast.
The ice beast is lightly wounded.
The ice beast hits you. The ice beast freezes you!
You barely miss the ice beast.
The ice beast is lightly wounded.
The ice beast hits you but does no damage.
You hit the ice beast but do no damage.
The ice beast is lightly wounded.
You block the ice beast's attack.
You closely miss the ice beast.
The ice beast is lightly wounded.
The ice beast barely misses you.
You hit the ice beast but do no damage.
The ice beast is lightly wounded.
The ice beast closely misses you.
You hit the ice beast.
The ice beast is moderately wounded.
The ice beast completely misses you.
You hit the ice beast.
The ice beast is moderately wounded.
The ice beast hits you but does no damage.
You hit the ice beast but do no damage.
The ice beast is moderately wounded.
The ice beast hits you but does no damage.
You closely miss the ice beast.
The ice beast is moderately wounded.
The ice beast hits you. The ice beast freezes you!
You die...

#######
..#..)#
#.#.#.#
#.#.#.#
#Y#.#.#
#@#.#.#
#.#.#.#
#...#.#
#####.#
.... #.#
.... #.#
.....
#.#######
.....
#.......#
......
#######.#


You could see an ice beast.

Vanquished Creatures
  A jelly (D:4)
  A centaur skeleton (D:4)
  An orc wizard (D:4)
  7 adders
  3 worms
  2 dart slugs
  5 orcs (D:4)
  10 ball pythons
  7 endoplasms
  2 giant cockroaches
  5 goblins
  7 hobgoblins
  12 jackals
  6 kobolds
  8 bats
  4 frilled lizards
  5 rats
86 creatures vanquished.

Notes
Turn   | Place    | Note
-------+----------+-------------------------------------------
     0 | D:1      | MacCMillion the Gargoyle Ice Elementalist began the quest
                  | for the Orb.
     0 | D:1      | Reached XP level 1. HP: 10/10 MP: 3/3
   189 | D:1      | Reached XP level 2. HP: 15/15 MP: 5/5
   572 | D:1      | Reached XP level 3. HP: 19/19 MP: 1/6
   659 | D:1      | Reached skill level 5 in Ice Magic
   676 | D:1      | Found a faded altar of an unknown god.
   840 | D:1      | You fall into a shaft and drop 1 floor!
  1076 | D:2      | Reached XP level 4. HP: 24/24 MP: 2/7
  1080 | D:2      | Learned a level 3 spell: Frozen Ramparts
  1745 | D:2      | Reached skill level 6 in Ice Magic
  1932 | D:2      | Reached XP level 5. HP: 28/28 MP: 4/8
  2138 | D:3      | Found a hide-covered altar of Uskayaw.
  3004 | D:4      | Noticed Sigmund
  3109 | D:4      | Noticed an ice beast
  3423 | D:4      | Reached skill level 7 in Ice Magic
  3429 | D:4      | Reached skill level 1 in Fighting
  3429 | D:4      | Reached XP level 6. HP: 34/34 MP: 5/9
  3690 | D:4      | Slain by an ice beast

Illustrated notes

Levels and vault maps discovered:
D:1:      dpeg_arrival_connections, layout_loops_ring,
          hellmonk_ecumenical_altar_dog_temple
D:2:      layout_loops_ring, serial_bayou_pond_e, kennysheep_donut,
          grunt_ministairs_14
D:3:      layout_basic, overflow_temple_1_default
D:4:      layout_basic, portal_sewer_entry_f, minmay_misc_feat_tiny,
          uniq_sigmund

Skill      XL: |  1  2  3  4  5 |
---------------+----------------+-----
Ice Magic      | 5 6 7 |  7.0
Fighting       | 1 |  1.6
Dodging        | |  1.5
Stealth        | |  2.1
Spellcasting   | |  2.0

Action                   |  1- 3 |  4- 6 || total
-------------------------+-------+-------++-------
Melee: Dagger            |     9 |    49 ||    58
       Unarmed           |     1 |       ||     1
 Cast: Freeze            |    46 |    53 ||    99
       Frozen Ramparts   |       |     7 ||     7
  Use: Scroll            |       |     1 ||     1
 Stab: Sleeping          |     5 |     5 ||    10
Armor: Robe              |    16 |    56 ||    72
Dodge: Dodged            |    23 |    62 ||    85
Block: Other             |       |    14 ||    14
